[Event "Early-Titled-Tuesday-Blitz-February-27-2024"]
[Site "Chess.com"]
[Date "2024.02.27"]
[Round "1"]
[White "Rakhmanov_Aleksandr"]
[Black "VitaliyChayka"]
[Result "1/2-1/2"]
[WhiteElo "2874"]
[BlackElo "2501"]
[TimeControl "180+1"]
[EndTime "8:05:36 PST"]
[Termination "Game drawn by agreement"]

1. c4 d6 2. Nc3 e5 3. g3 Nf6 4. Bg2 Be7 5. d3 O-O 6. e4 c5 7.
Nge2 Nc6 8. O-O Nd4 9. h3 Bd7 10. Kh2 a6 11. f4 b5 12. f5 h6 13. g4 Nh7 14. Ng3 Bg5 15. Nd5 Nf6 16. Bxg5 hxg5 17.
Nxf6+ Qxf6 18. Nh5 Qh6 19. Qd2 f6 20. Qa5 Be8 21.
Ng3 Bf7 22. Rac1 b4 23. Qa4 Be8 24. Qd1 a5 25. Rh1 a4 26. Nf1 a3 27. b3 Qh4 28.
Qd2 Kf7 29. Ne3 Bc6 30. Rcf1 Rh8 31. Qf2 Rh6 32. Qxh4 Rxh4 33. Rf2 Rah8 1/2-1/2

[Event "Early-Titled-Tuesday-Blitz-February-27-2024"]
[Site "Chess.com"]
[Date "2024.02.27"]
[Round "1"]
[White "Brahianzevich"]
[Black "TigrVShlyape"]
[Result "0-1"]
[WhiteElo "2491"]
[BlackElo "2877"]
[TimeControl "180+1"]
[EndTime "8:05:39 PST"]
[Termination "TigrVShlyape won by resignation"]

1. e4 c5 2. Nf3 e6 3. Nc3 a6 4.
Be2 b5 5. O-O Bb7 6. d4 cxd4 7.
Nxd4 Qc7 8. Bf3 Nc6 9. Nxc6 Bxc6 10. Re1 Bd6 11. g3 Ne7 12. Qe2 O-O 13. e5 Bb4 14.
Bd2 Bxc3 15. Bxc3 Bxf3 16. Qxf3 Nd5 17. Bd4 Qxc2 18. Rac1 Qg6 19. Bc5 Rfc8 20. Bd6 f6 21. b3 h5 22. h4 Qg4 23. Qxg4 hxg4 24. Kg2 Kf7 25. f3 gxf3+ 26. Kxf3 a5 27. a3 b4 28. axb4 axb4 29. Kg4 Rc3 30. Rxc3 bxc3 31. b4 Ra4 32. Re4 f5+ 0-1

[Event "Early-Titled-Tuesday-Blitz-February-27-2024"]
[Site "Chess.com"]
[Date "2024.02.27"]
[Round "1"]
[White "ploxoi"]
[Black "DmitryMaximov"]
[Result "0-1"]
[WhiteElo "2447"]
[BlackElo "2782"]
[TimeControl "180+1"]
[EndTime "8:05:41 PST"]
[Termination "DmitryMaximov won by resignation"]

1. d4 Nf6 2. c4 g6 3. g3 Bg7 4. Bg2 O-O 5. Nc3 d6 6. Nf3 Nbd7 7. O-O e5 8. e4 c6 9. h3 a5 10. Be3 Re8 11. Qc2 exd4 12. Nxd4 Nc5 13. Rad1 Nfd7 14. b3 Qe7 15. Rfe1 Na6 16. Kh2 Ndc5 17. f4 Bd7 18. Bf2 Rad8 19. a3 Bc8 20.
Qb1 h5 21. Qc2 Kh7 22. Nf3 Kg8 23. Bd4 Bh6 24. e5 Bf5 25. Qb2 Nd3 26. Rxd3 Bxd3 27. Ne4 Bxe4 28. Rxe4 Nc5 29. Re3 Ne6 30. exd6 Qxd6 31. Bf6 Bxf4 32. Re2 Bxg3+ 33. Kg1 Nf4 34. Bf1 0-1

[Event "Early-Titled-Tuesday-Blitz-February-27-2024"]
[Site "Chess.com"]
[Date "2024.02.27"]
[Round "1"]
[White "DrCeltic"]
[Black "larsmandreassen"]
[Result "1-0"]
[WhiteElo "2605"]
[BlackElo "2235"]
[TimeControl "180+1"]
[EndTime "8:05:41 PST"]
[Termination "DrCeltic won by checkmate"]

1. e4 d5 2. exd5 Nf6 3. c4 e6 4.
d4 exd5 5. Nf3 Bb4+ 6. Nc3 O-O 7. Be3 Bg4 8. Bd3 Re8 9. O-O c6 10. Rc1 Nbd7 11. c5 Bxc3 12. Rxc3 Ne4 13. Rc1 f5 14.
Be2 Qf6 15. Bf4 g5 16. Be5 Nxe5 17. Nxe5 Bxe2 18. Qxe2 f4 19. Qg4 Re7 20. h4 Rg7 21.
h5 Re8 22. f3 Nd2 23. Rfe1 Rge7 24. b3 Rxe5 25. dxe5 Rxe5 26. Red1 Re2 27. Qc8+ Qf8 28.
Qxf8+ Kxf8 29. Kh1 g4 30. Rc2 gxf3 31. Rcxd2 fxg2+ 32. Kg1 Re5 33. Rxg2 Rxh5 34. Rf1 Rf5 35. Rgf2 Rg5+ 36. Kh1 Rh5+ 37. Kg2 Rg5+ 38. Kf3 Rg3+ 39. Kxf4 Rc3 40. Ke5+ Ke7 41. Rf7+ Ke8 42. Rf8+ Ke7 43. R1f7# 1-0

[Event "Early-Titled-Tuesday-Blitz-February-27-2024"]
[Site "Chess.com"]
[Date "2024.02.27"]
[Round "1"]
[White "ImportedItalianMaple"]
[Black "maurovargas01"]
[Result "1-0"]
[WhiteElo "2544"]
[BlackElo "1876"]
[TimeControl "180+1"]
[EndTime "8:05:41 PST"]
[Termination "ImportedItalianMaple won on time"]

1. Nf3 Nc6 2. d4 d5 3. g3 Bg4 4.
Bg2 e6 5. O-O Bd6 6. c4 dxc4 7.
Qa4 Nf6 8. Qxc4 O-O 9. Nc3 Ne7 10. e4 Bxf3 11. Bxf3 e5 12. Bg5 Nd7 13. Rad1 h6 14. Be3 Nb6 15. Qe2 Nc6 16. Nb5 exd4 17. Nxd4 Ne5 18. Bg2 a6 19. Nf5 1-0

[Event "Early-Titled-Tuesday-Blitz-February-27-2024"]
[Site "Chess.com"]
[Date "2024.02.27"]
[Round "1"]
[White "tetrix83"]
[Black "Firouzja2003"]
[Result "0-1"]
[WhiteElo "2536"]
[BlackElo "3089"]
[TimeControl "180+1"]
[EndTime "8:05:42 PST"]
[Termination "Firouzja2003 won by resignation"]

1. Nf3 Nf6 2. g3 g6 3. Bg2 Bg7 4. d4 O-O 5. c4 d6 6. O-O Nbd7 7. Nc3 e5 8. e4 a6 9. dxe5 dxe5 10. Qc2 c6 11.
Rd1 Qe7 12. h3 b5 13. Be3 Bb7 14. cxb5 cxb5 15. a4 b4 16. Nd5 Nxd5 17. exd5 Rac8 18. Qb3 a5 19. d6 Qd8 20. Rac1 Rxc1 21. Rxc1 e4 22. Ng5 Nf6 23. Rd1 h6 24. d7 hxg5 25. Bc5 Nxd7 26. Bxf8 Bxf8 27. Qc4 Ne5 28. Rxd8 Nxc4 29. b3 Nd6 30. Rd7 Bd5 31. Ra7 Bxb3 32. Rxa5 Bc2 33. Ra8 b3 34. Rb8 Nc4 35. Bf1 b2 36.
Bxc4 b1=Q+ 37. Rxb1 Bxb1 0-1

[Event "Early-Titled-Tuesday-Blitz-February-27-2024"]
[Site "Chess.com"]
[Date "2024.02.27"]
[Round "1"]
[White "sotochess"]
[Black "tylityli"]
[Result "1-0"]
[WhiteElo "2630"]
[BlackElo "2302"]
[TimeControl "180+1"]
[EndTime "8:05:43 PST"]
[Termination "sotochess won by resignation"]

1. e4 e5 2. Nf3 Nc6 3. Bb5 a6 4. Ba4 Nf6 5. O-O Be7 6. Re1 b5 7. Bb3 O-O 8. c3 d6 9. h3 Nd7 10. a4 b4 11. d4 bxc3 12. bxc3 Bf6 13. Be3 Na5 14. Ba2 Rb8 15. Nbd2 c5 16. Rb1 Rxb1 17. Qxb1 Qb6 18. Qxb6 Nxb6 19. dxc5 dxc5 20. Bxc5 Nxa4 21. Bxf8 Kxf8 22. Rc1 Ke7 23. Bd5 Bd7 24. Nb3 Nxb3 25. Bxb3 Nc5 26. Bd5 a5 27. Ra1 a4 28. Nd2 Bg5 29.
Nc4 f6 30. Rb1 Be6 31. Rb5 Nxe4 32. Rb7+ Bd7 33. Bxe4 1-0

[Event "Early-Titled-Tuesday-Blitz-February-27-2024"]
[Site "Chess.com"]
[Date "2024.02.27"]
[Round "1"]
[White "ValeriyGrinev"]
[Black "FMStan15"]
[Result "1-0"]
[WhiteElo "2560"]
[BlackElo "2088"]
[TimeControl "180+1"]
[EndTime "8:05:43 PST"]
[Termination "ValeriyGrinev won by resignation"]

1. c4 Nf6 2. Nc3 g6 3. e4 d6 4. d4 Bg7 5. Nf3 O-O 6. Be2 e5 7.
O-O Nbd7 8. Qc2 c6 9. d5 cxd5 10. cxd5 a5 11. Bg5 h6 12. Bd2 Nc5 13. Be3 b6 14.
Nd2 Bg4 15. f3 Bd7 16. Rfc1 a4 17. b4 axb3 18. axb3 Qe7 19. Bb5 Rfc8 20. Bxd7 Ncxd7 21. b4 Nh5 22. g3 Rxa1 23. Rxa1 Rc7 24. Qd3 Kh7 25. Nb5 Rb7 26. Qc3 f5 27. Qc8 Rb8 28. Qc7 Bf8 29. Ra7 Rd8 30. Nc4 fxe4 31. Nxb6 exf3 32. Nxd7 Kh8 33. Nxf8 Qxc7 34. Nxg6+ Kg7 35. Nxc7 Kxg6 36. b5 Nf6 37. Ne6 Nxd5 38. Nxd8 Nxe3 39. b6 e4 40. b7 Ng4 41. Ra2 e3 42. b8=Q e2 43.
Qxd6+ Kh5 44. Ra5+ 1-0

[Event "Early-Titled-Tuesday-Blitz-February-27-2024"]
[Site "Chess.com"]
[Date "2024.02.27"]
[Round "1"]
[White "wqws"]
[Black "RamonManon0g"]
[Result "1-0"]
[WhiteElo "2672"]
[BlackElo "2368"]
[TimeControl "180+1"]
[EndTime "8:05:44 PST"]
[Termination "wqws won by resignation"]

1. e4 c5 2. Nf3 d6 3. d4 cxd4 4. Nxd4 Nf6 5. Nc3 a6 6. Bg5 e6 7. f4 Be7 8. Qf3 Qc7 9. O-O-O Nbd7 10. Bd3 h6 11. Bh4 b5 12. Rhe1 Bb7 13. Qg3 O-O 14. e5 dxe5 15. fxe5 Nh5 16. Qg4 Bxh4 17. Qxh4 g6 18.
Bxg6 fxg6 19. Nxe6 Qc6 20. Nxf8 Nxf8 21. Nd5 Qc4 22.
Qxc4 bxc4 23. e6 Bxd5 24. Rxd5 Re8 25. e7 Nh7 26. Rd6 Kg7 27. Rxa6 Nf4 28. g3 Nd5 29.
Rc6 c3 30. bxc3 Nhf6 31. c4 Nxe7 32. Rc7 Kf7 33. a4 Ng8 34. a5 Ra8 35. Re5 Ra6 36. Kb2 Kf6 37. Rb5 Ke6 38. Rb6+ Rxb6+ 39. axb6 Kd6 40. c5+ Kd5 41. b7 Nc6 42. Rxc6 Kxc6 43. b8=Q 1-0

[Event "Early-Titled-Tuesday-Blitz-February-27-2024"]
[Site "Chess.com"]
[Date "2024.02.27"]
[Round "1"]
[White "sewlins"]
[Black "mightysmasher"]
[Result "1-0"]
[WhiteElo "2161"]
[BlackElo "2555"]
[TimeControl "180+1"]
[EndTime "8:05:44 PST"]
[Termination "sewlins won by checkmate"]

1. e4 e6 2. d4 d5 3. Nc3 dxe4 4.
Nxe4 Nd7 5. Nf3 Ngf6 6. Nxf6+ Nxf6 7. c3 c5 8. Ne5 a6 9. Be3 Nd5 10. Qf3 f6 11. Qh5+ Ke7 12. Qf7+ Kd6 13. dxc5+ Kxe5 14. Bd4+ Kf4 15. Qh5 g5 16. Qf3# 1-0

[Event "Early-Titled-Tuesday-Blitz-February-27-2024"]
[Site "Chess.com"]
[Date "2024.02.27"]
[Round "1"]
[White "Larina_Maria"]
[Black "AcostaPablo"]
[Result "0-1"]
[WhiteElo "2313"]
[BlackElo "2635"]
[TimeControl "180+1"]
[EndTime "8:05:45 PST"]
[Termination "AcostaPablo won by resignation"]

1. e4 e6 2. Nf3 d5 3. e5 c5 4.
b4 Nc6 5. bxc5 Bxc5 6. d4 Be7 7.
Bd3 Nh6 8. Bxh6 gxh6 9. O-O Bd7 10. Qd2 Bg5 11. Nxg5 Qxg5 12. f4 Qh4 13. g3 Rg8 14.
Qf2 h5 15. Bxh7 Rg7 16. Bd3 Qh3 17. Qg2 Qxg2+ 18. Kxg2 Nxd4 19. c3 Nc6 20. Nd2 Rc8 21. c4 Nb4 22. Be2 Nc2 23. cxd5 exd5 24. Rac1 Ne3+ 25.
Kf3 Nxf1 26. Rxc8+ Bxc8 27. Bxf1 f6 28. exf6 Rc7 29. Bb5+ Kf7 30. Ke3 Kxf6 31. Kd4 Rc2 32. Nf3 Rxa2 33. Kxd5 a6 34. Bd3 b5 35. h4 Bb7+ 36. Kd4 Bxf3 0-1

[Event "Early-Titled-Tuesday-Blitz-February-27-2024"]
[Site "Chess.com"]
[Date "2024.02.27"]
[Round "1"]
[White "KhazhatulyAlikhan"]
[Black "AlexTruskavetsky"]
[Result "0-1"]
[WhiteElo "2420"]
[BlackElo "2735"]
[TimeControl "180+1"]
[EndTime "8:05:46 PST"]
[Termination "AlexTruskavetsky won by resignation"]

1. e4 c5 2. Nf3 Nc6 3. d4 cxd4 4. Nxd4 Nf6 5. Nc3 e6 6. Ndb5 Bb4 7. Nd6+ Ke7 8.
Nxc8+ Rxc8 9. Bd3 a6 10. O-O Bc5 11. Re1 Re8 12. Bg5 d6 13. Qf3 h6 14. Bxf6+ gxf6 15. Kh1 Rg8 16. Qf4 Ne5 17. f3 b5 18. a3 Rg6 19.
Rad1 Qb6 20. Re2 Rcg8 21. Qh4 Bd4 22. Qh3 R6g7 23. f4 Ng4 24. Rde1 Nf2+ 25. Rxf2 Bxf2 26.
Re2 Bd4 27. g3 Bxc3 28. bxc3 Qc5 29. Qxh6 Qxa3 30. Kg2 Qxc3 31. Kf2 a5 32. Qh4 Rg4 33. Qh7 a4 34. Bxb5 Qc5+ 35. Kf3 Qxb5 36. e5 fxe5 37. fxe5 dxe5 38. Qe4 Rxe4 39. Rd2 0-1

[Event "Early-Titled-Tuesday-Blitz-February-27-2024"]
[Site "Chess.com"]
[Date "2024.02.27"]
[Round "1"]
[White "Witik"]
[Black "Ramla2020"]
[Result "1-0"]
[WhiteElo "2711"]
[BlackElo "2403"]
[TimeControl "180+1"]
[EndTime "8:05:46 PST"]
[Termination "Witik won by checkmate"]

1. d4 Nf6 2. Bf4 d5 3. e3 c5 4.
Nf3 Nc6 5. Nbd2 cxd4 6. exd4 a6 7.
c3 e6 8. Bd3 Bd6 9. Bxd6 Qxd6 10. O-O O-O 11. Re1 b5 12. Ne5 b4 13. Re3 bxc3 14.
bxc3 Ne7 15. Qe2 a5 16. Rh3 Ba6 17. Bxh7+ Nxh7 18. Qh5 Bd3 19. Nxd3 f6 20. Qxh7+ Kf7 21. Qh5+ Kg8 22. Nb3 Nf5 23. Nbc5 Rab8 24. Re1 Rfe8 25. g4 Nh6 26. Qg6 Kf8 27. Rxh6 gxh6 28. Qxf6+ Kg8 29.
Qg6+ Kf8 30. Ne5 Re7 31. Re3 Rg7 32. Nxe6+ Qxe6 33. Qxe6 Re8 34. Nd7+ Rxd7 35. Qxe8+ Kg7 36. Qxd7+ Kg6 37. Qf5+ Kg7 38. Re7+ Kg8 39. Qf7+ Kh8 40. Qh7# 1-0

[Event "Early-Titled-Tuesday-Blitz-February-27-2024"]
[Site "Chess.com"]
[Date "2024.02.27"]
[Round "1"]
[White "Shield12"]
[Black "chess_blitz00"]
[Result "1-0"]
[WhiteElo "2977"]
[BlackElo "2520"]
[TimeControl "180+1"]
[EndTime "8:05:47 PST"]
[Termination "Shield12 won on time"]

1. e4 e5 2. Nf3 Nc6 3. Bb5 Bc5 4. c3 Nf6 5. d4 exd4 6. e5 Nd5 7. O-O O-O 8. cxd4 Be7 9. Qb3 Na5 10. Qxd5 c6 11. Bxc6 dxc6 12. Qe4 Be6 13. Nc3 Nc4 14. Rd1 Nb6 15.
h3 Nd5 16. Bd2 Nxc3 17. bxc3 Qd5 18. Qe2 a5 19. Be3 a4 20. Bg5 Ba3 21. Qc2 h6 22.
Be3 Be7 23. Nd2 b5 24. Ne4 Kh8 25. Ng3 f5 26. Qd2 Kh7 27. Nh5 g6 28. Nf4 Qe4 29. Nxe6 Rf7 30. f3 Qd5 31. Nc7 Qd7 32. Nxa8 1-0

[Event "Early-Titled-Tuesday-Blitz-February-27-2024"]
[Site "Chess.com"]
[Date "2024.02.27"]
[Round "1"]
[White "szachmistrz2500"]
[Black "TregubovP"]
[Result "1/2-1/2"]
[WhiteElo "2400"]
[BlackElo "2684"]
[TimeControl "180+1"]
[EndTime "8:05:50 PST"]
[Termination "Game drawn by repetition"]

1. d4 Nf6 2. c4 c5 3. d5 b5 4. cxb5 a6 5. b6 e6 6. Nc3 Nxd5 7. Nxd5 exd5 8. Qxd5 Nc6 9. e4 Be7 10. Bc4 O-O 11.
Nf3 Rb8 12. O-O Rxb6 13. b3 d6 14. Bb2 Be6 15. Qd3 Bxc4 16. Qxc4 Bf6 17. Bxf6 Qxf6 18. Rad1 Re8 19. Rfe1 h6 20. h3 a5 21. Rd2 Ne5 22. Nxe5 Rxe5 23. Rd5 Rb4 24. Qd3 Rxd5 25. Qxd5 a4 26.
e5 dxe5 27. Qxc5 Rd4 28. Qxe5 Qxe5 29. Rxe5 Rd1+ 30. Kh2 Rd2 31. Re8+ Kh7 32. Kg3 Rxa2 33. bxa4 Rxa4 34. Rf8 Kg6 35. Rb8 Ra3+ 36. f3 Ra5 37. h4 h5 38. Rb6+ f6 39. Rb7 Ra4 40. Rc7 Rb4 41. Ra7 Rc4 42. Rb7 Ra4 43. Rc7 Rb4 44.
Ra7 Rc4 45. Rb7 Ra4 1/2-1/2

[Event "Early-Titled-Tuesday-Blitz-February-27-2024"]
[Site "Chess.com"]
[Date "2024.02.27"]
[Round "1"]
[White "Binary010"]
[Black "Sjakkerntobi"]
[Result "1-0"]
[WhiteElo "2859"]
[BlackElo "2484"]
[TimeControl "180+1"]
[EndTime "8:05:51 PST"]
[Termination "Binary010 won by resignation"]

1. e4 e6 2. d4 d5 3. Nd2 a6 4.
Ngf3 Nf6 5. e5 Nfd7 6. Bd3 c5 7. c3 Nc6 8. O-O g5 9. Nb1 g4 10. Ne1 cxd4 11. cxd4 Nxd4 12. Qxg4 Nc6 13. f4 h5 14. Qe2 Bc5+ 15. Kh1 b6 16. Nc3 Bb7 17. Nf3 Qe7 18. f5 O-O-O 19. Bg5 Qe8 20. fxe6 fxe6 21. Bxd8 Qxd8 22.
Bxa6 Nd4 23. Nxd4 Bxd4 24. Rac1 Bxe5 25. Nxd5+ Kb8 26. Bxb7 Kxb7 27. Nb4 Qa8 28. Rf7 Rd8 29. Qxe5 1-0

[Event "Early-Titled-Tuesday-Blitz-February-27-2024"]
[Site "Chess.com"]
[Date "2024.02.27"]
[Round "1"]
[White "JJDAREK"]
[Black "DamianoLew95"]
[Result "1-0"]
[WhiteElo "2399"]
[BlackElo "2660"]
[TimeControl "180+1"]
[EndTime "8:05:51 PST"]
[Termination "JJDAREK won by resignation"]

1. d4 Nf6 2. Nf3 e6 3. c4 b6 4. Nc3 Bb7 5. g3 Ne4 6. Bd2 Be7 7. Bg2 f5 8. O-O O-O 9. d5 Nxd2 10. Qxd2 Na6 11. Rfd1 Bf6 12. Nd4 Bxd4 13. Qxd4 Qf6 14. Qxf6 Rxf6 15. dxe6 Bxg2 16. exd7 Rd8 17. Kxg2 Rf7 18.
Rd5 Rdxd7 19. Rad1 Rxd5 20. Rxd5 g6 21. a3 Nc5 22. b4 Ne6 23. f4 Kf8 24. e4 fxe4 25.
Nxe4 h6 26. h4 Ke7 27. h5 c6 28. Re5 gxh5 29. f5 1-0

[Event "Early-Titled-Tuesday-Blitz-February-27-2024"]
[Site "Chess.com"]
[Date "2024.02.27"]
[Round "1"]
[White "dropstoneDP"]
[Black "Rawnsdale"]
[Result "1-0"]
[WhiteElo "3038"]
[BlackElo "2531"]
[TimeControl "180+1"]
[EndTime "8:05:52 PST"]
[Termination "dropstoneDP won by resignation"]

1. e4 c6 2. d4 d5 3. exd5 cxd5 4. Bd3 Nc6 5. c3 Nf6 6. Bf4 g6 7. h3 Bg7 8. Nf3 O-O 9. Nbd2 Nh5 10. Bh2 Bh6 11. O-O Re8 12. Re1 Nf4 13. Nf1 Nxd3 14.
Qxd3 Bf5 15. Qe2 Qd7 16. Ne3 Rac8 17. Rad1 Bg7 18. Nxf5 Qxf5 19. Be5 Nxe5 20. dxe5 e6 21. g4 Qe4 22. Qxe4 dxe4 23. Rxe4 Re7 24. Red4 h6 25. Rd8+ Rxd8 26. Rxd8+ Kh7 27. c4 Rc7 28. b3 g5 29.
Kf1 Kg6 30. Ke2 h5 31. Kd3 hxg4 32. hxg4 a6 33. a4 f6 34. Rd6 Kf7 35. exf6 Bxf6 36. Ke4 Ke7 37. Rb6 a5 38. Nd4 Bxd4 39. Kxd4 Kf6 40.
Rb5 Re7 41. Rxa5 Rd7+ 42. Ke3 Rd6 43. Rb5 b6 44. f3 Ke7 45. Rxg5 Rd1 46. Rb5 Rd6 47.
Ke4 Kf6 48. f4 Rd1 49. g5+ Kg6 50. Rxb6 Re1+ 51. Kf3 Kf5 52. Rb5+ Kg6 53. Re5 1-0

[Event "Early-Titled-Tuesday-Blitz-February-27-2024"]
[Site "Chess.com"]
[Date "2024.02.27"]
[Round "1"]
[White "vladgoncharov"]
[Black "Iunusovnuriddin"]
[Result "1-0"]
[WhiteElo "2657"]
[BlackElo "2355"]
[TimeControl "180+1"]
[EndTime "8:05:52 PST"]
[Termination "vladgoncharov won by resignation"]

1. d4 d6 2. e4 Nf6 3. Nc3 Nbd7 4. Nf3 e5 5. Be2 Be7 6. O-O O-O 7. b3 Re8 8. Bb2 Bf8 9. Bd3 c6 10. Re1 b5 11. a4 b4 12. Ne2 a5 13. Ng3 g6 14.
Bc4 h6 15. dxe5 dxe5 16. Nxe5 Nxe5 17. Qxd8 Rxd8 18. Bxe5 Bg7 19. Rad1 Re8 20. Bc7 Nd7 21. f4 Bc3 22. Rf1 Nc5 23. e5 Bg4 24. Rd6 Rac8 25.
Rxg6+ 1-0

[Event "Early-Titled-Tuesday-Blitz-February-27-2024"]
[Site "Chess.com"]
[Date "2024.02.27"]
[Round "1"]
[White "OneTrickPony_82"]
[Black "Tactrics"]
[Result "1-0"]
[WhiteElo "2531"]
[BlackElo "2932"]
[TimeControl "180+1"]
[EndTime "8:05:57 PST"]
[Termination "OneTrickPony_82 won by resignation"]

1. d4 Nf6 2. c4 e6 3. Nf3 Bb4+ 4. Bd2 Qe7 5. g3 Nc6 6. Bg2 Bxd2+ 7. Qxd2 Ne4 8. Qc2 Qb4+ 9. Kf1 d5 10. e3 Qxc4+ 11. Qxc4 dxc4 12. Nbd2 Nd6 13. Ne5 Na5 14. b4 c3 15.
bxa5 cxd2 16. Ke2 f6 17. Nf3 Bd7 18. Nxd2 Bb5+ 19. Kd1 O-O-O 20. Kc2 e5 21. a4 Ba6 22.
dxe5 fxe5 23. Nb3 Rhf8 24. f4 Nc4 25. Rhe1 Kb8 26. Kc3 g5 27. Nc5 Nxa5 28. Nxa6+ bxa6 29. Rab1+ Kc8 30. Bh3+ Rd7 31. Red1 Rf7 32. Rxd7 Rxd7 33. Rd1 1-0

[Event "Early-Titled-Tuesday-Blitz-February-27-2024"]
[Site "Chess.com"]
[Date "2024.02.27"]
[Round "1"]
[White "wonderfultime"]
[Black "Lovetov"]
[Result "1-0"]
[WhiteElo "3082"]
[BlackElo "2535"]
[TimeControl "180+1"]
[EndTime "8:05:58 PST"]
[Termination "wonderfultime won by resignation"]

1. d4 Nf6 2. Nf3 g6 3. c4 Bg7 4.
g3 O-O 5. Bg2 c6 6. O-O d5 7. b3 Ne4 8. Bb2 a5 9. Nc3 Nxc3 10.
Bxc3 a4 11. e3 Bf5 12. cxd5 cxd5 13. bxa4 Qd7 14. Ne5 Bxe5 15. dxe5 Rd8 16. Qb3 Be6 17. Bd4 Rxa4 18. Rab1 Na6 19. Rfc1 Rb4 20. Qa3 Rxb1 21. Rxb1 Rc8 22. h4 Rc4 23. Rb6 Rc6 24. Rxc6 Qxc6 25. Qxe7 Qc1+ 26. Kh2 Qb2 27. Bxb2 1-0

[Event "Early-Titled-Tuesday-Blitz-February-27-2024"]
[Site "Chess.com"]
[Date "2024.02.27"]
[Round "1"]
[White "krucki03"]
[Black "akinov-akinseye"]
[Result "1-0"]
[WhiteElo "2545"]
[BlackElo "1918"]
[TimeControl "180+1"]
[EndTime "8:06:03 PST"]
[Termination "krucki03 won by resignation"]

1. d4 d5 2. Nf3 Nf6 3. Bf4 g6 4.
h3 Bg7 5. e3 c6 6. Bd3 O-O 7. O-O e6 8. c4 dxc4 9. Bxc4 Nbd7 10.
Nc3 Nb6 11. Bb3 Nbd5 12. Bh2 Nxc3 13. bxc3 Qa5 14. Qd3 Nd7 15. e4 e5 16. d5 Nc5 17.
Qc2 cxd5 18. exd5 Bf5 19. Qb2 Rad8 20. Rad1 Nxb3 21. Qxb3 Rfe8 22. c4 b6 23. Rfe1 e4 24. Nd4 Qc5 25. Nxf5 gxf5 26. Bf4 Kh8 27. d6 Rg8 28. Rd5 Qc6 29. Qb5 Qxb5 30. cxb5 Bc3 31. Rc1 Bb4 32. Rc7 1-0

[Event "Early-Titled-Tuesday-Blitz-February-27-2024"]
[Site "Chess.com"]
[Date "2024.02.27"]
[Round "1"]
[White "Logman74"]
[Black "GMKrikor"]
[Result "0-1"]
[WhiteElo "2511"]
[BlackElo "2933"]
[TimeControl "180+1"]
[EndTime "8:06:04 PST"]
[Termination "GMKrikor won by resignation"]

1. e4 c5 2. Nf3 Nc6 3. Bb5 Nf6 4. Bxc6 dxc6 5. d3 Bg4 6. h3 Bh5 7. O-O Nd7 8. Bf4 f6 9. Nbd2 e5 10. Be3 Be7 11. b3 Nf8 12. a4 a5 13. Nc4 Ne6 14. g4 Bf7 15. Nh4 g6 16. Ng2 g5 17. h4 b5 18. Nd2 h5 19. hxg5 fxg5 20. axb5 cxb5 21.
f3 Nf4 22. Nxf4 gxf4 23. Bf2 Be6 24. g5 Rg8 25. Kh2 Bxg5 26. Bxc5 Bh4 27. Rg1 Bg3+ 28. Kg2 Qh4 29. Kf1 Qh2 0-1

[Event "Early-Titled-Tuesday-Blitz-February-27-2024"]
[Site "Chess.com"]
[Date "2024.02.27"]
[Round "1"]
[White "N18player"]
[Black "vi_pranav"]
[Result "0-1"]
[WhiteElo "2536"]
[BlackElo "3106"]
[TimeControl "180+1"]
[EndTime "8:06:06 PST"]
[Termination "vi_pranav won by resignation"]

1. Nf3 Nf6 2. b3 d6 3. Bb2 e5 4. d4 e4 5. Nfd2 d5 6. c4 c6 7.
e3 Bd6 8. Ba3 Bxa3 9. Nxa3 O-O 10. f3 exf3 11. gxf3 Re8 12. Nc2 Nh5 13. Qe2 Bf5 14.
O-O-O a5 15. e4 Bg6 16. Qd3 a4 17. b4 Nd7 18. Qc3 Nf4 19. Rg1 Rc8 20. Kb2 Nf6 21.
e5 N6h5 22. Ne3 f6 23. Ng4 fxe5 24. Nxe5 Qh4 25. Nxg6 hxg6 26. Bd3 Re3 27. Nf1 Rxd3 28. Rxd3 Nxd3+ 29. Ka3 Nhf4 30. Rg4 Qf2 31. Ne3 Qxe3 0-1

[Event "Early-Titled-Tuesday-Blitz-February-27-2024"]
[Site "Chess.com"]
[Date "2024.02.27"]
[Round "1"]
[White "Sina_Movahed"]
[Black "ATM622"]
[Result "1-0"]
[WhiteElo "2930"]
[BlackElo "2510"]
[TimeControl "180+1"]
[EndTime "8:06:06 PST"]
[Termination "Sina_Movahed won by checkmate"]

1. e4 c6 2. d4 d5 3. e5 Bf5 4.
h4 h5 5. Bg5 Qb6 6. Bd3 Bxd3 7.
Qxd3 Qxb2 8. e6 Na6 9. exf7+ Kxf7 10. Nf3 Nf6 11. Ne5+ Kg8 12. O-O Ne4 13. Nd2 Nb4 14. Qf3 Qxd4 15. Qf7+ Kh7 16. Ndf3 Qc5 17. Qxh5+ Kg8 18.
Qf7+ Kh7 19. Bf4 Qd6 20. Ng5+ Nxg5 21. hxg5 Rg8 22. Qh5+ Qh6 23. g6+ Kh8 24. Nf7# 1-0

[Event "Early-Titled-Tuesday-Blitz-February-27-2024"]
[Site "Chess.com"]
[Date "2024.02.27"]
[Round "1"]
[White "Kopytkin"]
[Black "Batica1984"]
[Result "1-0"]
[WhiteElo "2459"]
[BlackElo "2760"]
[TimeControl "180+1"]
[EndTime "8:06:06 PST"]
[Termination "Kopytkin won by resignation"]

1. d4 Nf6 2. Bg5 e6 3. Nd2 h6 4. Bh4 d5 5. e3 Be7 6. Bd3 c5 7. c3 b6 8. Qe2 Bb7 9. Bxf6 Bxf6 10. f4 Nd7 11. Ngf3 a6 12. O-O O-O 13. Ne5 Be7 14. Rf3 Nf6 15. g4 Ne4 16. Rh3 f6 17. Ng6 Rf7 18. Qg2 Kh7 19. Nxe7 Rxe7 20. Nxe4 dxe4 21. Bxe4+ Bxe4 22. Qxe4+ Kg8 23. g5 f5 24. Qg2 Kh7 25.
Kf2 cxd4 26. exd4 Qb8 27. gxh6 Qxf4+ 28. Kg1 Qg4 29. Rg3 1-0

[Event "Early-Titled-Tuesday-Blitz-February-27-2024"]
[Site "Chess.com"]
[Date "2024.02.27"]
[Round "1"]
[White "Aisen1011"]
[Black "francyIM"]
[Result "0-1"]
[WhiteElo "2451"]
[BlackElo "2800"]
[TimeControl "180+1"]
[EndTime "8:06:07 PST"]
[Termination "francyIM won by resignation"]

1. d4 Nf6 2. c4 g6 3. Nc3 Bg7 4. e4 d6 5. Nf3 O-O 6. Be2 e5 7.
d5 Na6 8. Bg5 Nc5 9. Nd2 h6 10.
Be3 a5 11. b3 c6 12. a3 cxd5 13. cxd5 Nh7 14. O-O f5 15. f3 f4 16. Bf2 g5 17.
Rb1 Rf7 18. b4 axb4 19. axb4 Na6 20. Nc4 Bf8 21. Nb6 Rb8 22. Nca4 Nf6 23. Nxc8 Rxc8 24. Nb6 Rcc7 25. Qa4 Rg7 26. Bxa6 bxa6 27. Qxa6 g4 28. Bh4 gxf3 29. Rxf3 Be7 30. Bxf6 Bxf6 31. Rff1 Kh7 32.
Rfc1 Ra7 33. Qb5 f3 34. Rb2 Bg5 35. Rc8 Be3+ 36. Kf1 Ra1+ 0-1

[Event "Early-Titled-Tuesday-Blitz-February-27-2024"]
[Site "Chess.com"]
[Date "2024.02.27"]
[Round "1"]
[White "maroro07"]
[Black "Onischuk_V"]
[Result "0-1"]
[WhiteElo "2449"]
[BlackElo "2794"]
[TimeControl "180+1"]
[EndTime "8:06:07 PST"]
[Termination "Onischuk_V won on time"]

1. d4 d6 2. Nf3 g6 3. g3 Bg7 4.
Bg2 Nf6 5. O-O O-O 6. c4 Nc6 7. Nc3 e5 8. d5 Nb8 9. e4 a5 10.
Ne1 Na6 11. Nd3 Nd7 12. Be3 f5 13. exf5 gxf5 14. f4 Nb6 15. Bxb6 cxb6 16. Qe2 e4 17. Nf2 Nc5 18. Nfd1 a4 19. Rc1 Bd7 20. Ne3 Nd3 21.
Rb1 a3 22. g4 axb2 23. Nb5 Bxb5 24. cxb5 Nc1 25. Qd2 fxg4 26. Bxe4 Qe7 27. Qc2 Bd4 28. Re1 Rae8 0-1